 Dungeon Crawl Stone Soup version 0.29.0-13-gc9e81de378 (webtiles) character file.

Game seed: 10269254715551926211

1281 mcbry74 the Cleaver (level 8, -6/66 HPs)
             Began as a Hill Orc Fighter on Sept 9, 2022.
             Mangled by an ogre
             ... wielding a +0 giant spiked club
              (22 damage)
             ... on level 6 of the Dungeon.
             The game lasted 00:14:45 (5606 turns).

mcbry74 the Cleaver (Hill Orc Fighter)              Turns: 5606, Time: 00:14:45

Health: -6/66      AC:  4    Str: 21    XL:     8   Next: 54%
Magic:  8/8        EV:  9    Int:  8    God:
Gold:   346        SH:  4    Dex: 10    Spells: 7/7 levels left

rFire   . . .      SeeInvis .   a - +2 war axe (elec)
rCold   . . .      Faith    .   c - +0 buckler
rNeg    . . .      Spirit   .   b - +0 scale mail
rPois   .          Reflect  .   (no helmet)
rElec   .          Harm     .   (no cloak)
rCorr   .          Rampage  .   (no gloves)
Will    .....                   f - +0 pair of boots
Stlth   ..........              (no amulet)
HPRegen 0.21/turn               (no ring)
MPRegen 0.11/turn               (no ring)

@: marked, corroded
A: no striking features
a: no special abilities


You were on level 6 of the Dungeon.
You visited 1 branch of the dungeon, and saw 6 of its levels.
You also visited: Sewer.

You collected 346 gold pieces.

Inventory:

Hand Weapons
 a - a +2 war axe of electrocution (weapon)
 l - the +6 quarterstaff of the Ageless Hells {antimagic, Str+5}
   (You found it on level 2 of the Dungeon)

   It reduces the magical energy of the wielder, and disrupts the spells and
   magical abilities of those it strikes.
   Natural abilities and divine invocations are not affected.
   Str:       It affects your strength (+5).
Missiles
 m - 23 poisoned darts (quivered)
 p - 45 stones
 s - 5 boomerangs
Armour
 b - a +0 scale mail (worn)
 c - a +0 buckler (worn)
 f - a +0 pair of boots (worn)
Jewellery
 x - a ring of magical power
 y - an amulet of reflection
Wands
 w - a wand of paralysis (5)
Scrolls
 g - 2 scrolls of identify
 h - 2 scrolls of immolation
 j - 3 scrolls of teleportation
 n - 2 scrolls of blinking {unknown}
 q - 2 scrolls of fog {unknown}
 r - 4 scrolls of magic mapping
 t - 2 scrolls of fear
 u - a scroll of torment {unknown}
Potions
 d - a potion of might
 e - 2 potions of attraction
 i - 2 potions of cancellation {unknown}
 k - 4 potions of flight
 o - 4 potions of curing
 v - a potion of mutation {unknown}
 z - a potion of heal wounds {unknown}


   Skills:
 - Level 4.1 Fighting
 * Level 12.5 Axes
 - Level 4.0 Armour
 - Level 4.0 Shields


You had 7 spell levels left.
You didn't know any spells.
Your spell library contained the following spells:

 Spells                   Type           Power      Damage    Failure   Level
 Necrotise                Necr           0%         1d4       83%         1
 Sublimation of Blood     Necr           0%         N/A       92%         2
 Wereblood                Tmut           0%         N/A       92%         2
 Vampiric Draining        Necr           0%         2d6       99%         3
 Agony                    Necr           0%         N/A       100%        5
 Summon Hydra             Summ           0%         N/A       100%        7


Dungeon Overview and Level Annotations

Branches:
Dungeon (6/15)              Sewer (visited)
 Temple: D:4-7

Altars:


Message History

You block the orc's attack.
You barely miss the orc.
The orc is heavily wounded.
You hit the scorpion but do no damage. Lightning courses through the scorpion!
You slash the orc!
You kill the orc!
The scorpion closely misses you. The orc closely misses you.
You closely miss the scorpion.
The scorpion is severely wounded.
You hit the orc but do no damage.
The scorpion stings you but does no damage.
You slash the scorpion! Lightning courses through the scorpion!
You kill the scorpion!
You barely miss the orc.
An ogre comes into view. It is wielding a +0 giant spiked club.
The orc hits you with a +0 club.
You closely miss the orc.
The orc is heavily wounded.
The orc barely misses you.
You slash the orc!
You kill the orc!
Items here: ( ))) ? [[[ †.
Found a stone staircase leading down.
The jelly closely misses you.
You hit the jelly. The acid corrodes you!
Your hands burn!
The jelly is moderately wounded.
The jelly hits you. The acid corrodes you!
You are splashed with acid!
You slash the jelly!
You kill the jelly!
You hit the ogre.
The ogre hits you with a +0 giant spiked club!
You slash the ogre!
The ogre is heavily wounded.
You barely miss the ogre.
The ogre is heavily wounded.
The ogre hits you with a +0 giant spiked club!
* * * LOW HITPOINT WARNING * * *
You hit the ogre.
The ogre is severely wounded.
The ogre hits you with a +0 giant spiked club!!
You die...

..........#
..........#
..........### ..
>.......... ......
.......#
......##+##.....# .
.........#..)...###...
..... #..#..).O.......
......#.......@.......
.....##.#[###........
#.............#...
#.#.............##
#................####
#.###.##.##..###.#
#......|.# #.#
####.....# #.#####..
#<#.##†###.......#


You could see an ogre.

Vanquished Creatures
  2 black bears
  An ogre (D:4)
  A phantom (D:5)
  A bullfrog (D:6)
  A necrophage (D:4)
  2 scorpions
  3 hounds
  2 jellies
  An orc priest (D:5)
  4 iguanas
  4 orc wizards (D:5)
  3 gnolls (D:3)
  13 adders
  4 river rats
  2 worms
  2 dart slugs
  8 orcs
  13 bats
  9 endoplasms
  7 giant cockroaches
  5 goblins
  10 hobgoblins
  12 jackals
  8 quokkas
  12 ball pythons
  6 frilled lizards
  7 kobolds
  7 rats
150 creatures vanquished.

Notes
Turn   | Place    | Note
-------+----------+-------------------------------------------
     0 | D:1      | mcbry74 the Hill Orc Fighter began the quest for the Orb.
     0 | D:1      | Reached XP level 1. HP: 19/19 MP: 1/1
   155 | D:1      | Reached skill level 3 in Axes
   224 | D:1      | Reached XP level 2. HP: 27/27 MP: 2/2
   494 | D:1      | Reached XP level 3. HP: 33/33 MP: 3/3
   919 | D:2      | Identified the +6 quarterstaff of the Ageless Hells
                  | {antimagic, Str+5}
  1304 | D:2      | Reached skill level 4 in Axes
  1304 | D:2      | Reached XP level 4. HP: 31/40 MP: 4/4
  2220 | D:3      | Reached skill level 5 in Axes
  2220 | D:3      | Reached XP level 5. HP: 35/46 MP: 5/5
  2220 | D:3      | Found a glowing drain.
  2241 | Sewer    | Entered a sewer
  2649 | Sewer    | Reached skill level 6 in Axes
  2862 | Sewer    | Reached XP level 6. HP: 46/52 MP: 6/6
  3445 | D:3      | Reached skill level 7 in Axes
  3678 | D:3      | Found a faded altar of an unknown god.
  4144 | D:4      | Reached skill level 8 in Axes
  4171 | D:4      | Reached XP level 7. HP: 59/59 MP: 7/7
  4554 | D:5      | Entered Level 5 of the Dungeon
  4575 | D:5      | Reached skill level 9 in Axes
  4968 | D:5      | Reached skill level 10 in Axes
  5025 | D:5      | Reached XP level 8. HP: 60/66 MP: 8/8
  5036 | D:5      | Reached skill level 11 in Axes
  5511 | D:6      | Reached skill level 12 in Axes
  5606 | D:6      | Mangled by an ogre

Illustrated notes

Levels and vault maps discovered:
D:1:      lemuel_arrival_funnel, layout_basic
D:2:      layout_basic
D:3:      layout_basic, dreamdust_ecumenical_altar_hidden_monk_grotto,
          portal_sewer_entry_b
D:4:      layout_rooms
D:5:      layout_basic
D:6:      layout_basic, minitemple

Skill      XL: |  1  2  3  4  5  6  7  8 |
---------------+-------------------------+-----
Axes           | 3 4 5 6 8 10 12 | 12.5
Fighting       | 4 |  4.1
Armour         | 4 |  4.0
Shields        | 4 |  4.0

Action                   |  1- 3 |  4- 6 |  7- 9 || total
-------------------------+-------+-------+-------++-------
Melee: War axe           |    73 |   223 |    85 ||   381
  Use: Scroll            |       |     8 |     4 ||    12
       Potion            |       |     3 |     1 ||     4
Armor: Scale mail        |    20 |   154 |    32 ||   206
Dodge: Dodged            |    34 |   124 |    35 ||   193
Block: Buckler           |    19 |    56 |    14 ||    89
